 Dungeon Crawl Stone Soup version 0.26.1-11-gd32895ea62 (webtiles) character file.

Game seed: 12439917874685542468

132 Zeld the Sneak (level 5, -5/34 HPs)
             Began as an Octopode Brigand on May 16, 2021.
             Slain by a goblin (6 damage)
             ... led by Robin
             ... on level 2 of the Dungeon.
             The game lasted 00:02:04 (2256 turns).

Zeld the Sneak (Octopode Brigand)                   Turns: 2256, Time: 00:02:04

Health: -5/34      AC:  1    Str: 12    XL:     5   Next: 15%
Magic:  8/8        EV: 13    Int: 13    God:
Gold:   148        SH:  0    Dex: 13    Spells: 8/8 levels left

rFire    . . .     SeeInvis .   a - +2 dagger
rCold    . . .     Faith    .   (no shield)
rNeg     . . .     Spirit   .   (helmet restricted)
rPois    .         Reflect  .   (no amulet)
rElec    .         Harm     .   (no ring)
rCorr    .         Rampage  .   (no ring)
Will     .....                  (no ring)
Stlth    ++++......             (no ring)
HPRegen  0.11/turn              (no ring)
MPRegen  0.11/turn              (no ring)
                                (no ring)
                                (no ring)

@: no status effects
A: almost no armour, stealthy swim, amphibious, 8 rings, constrict 8, camouflage
1, gelatinous body 1
a: no special abilities


You were on level 2 of the Dungeon.
You visited 1 branch of the dungeon, and saw 2 of its levels.

You collected 148 gold pieces.

Inventory:

Hand Weapons
 a - a +2 dagger (weapon)
Missiles
 b - 8 poisoned darts (quivered)
 c - 2 curare-tipped darts
Armour
 s - a +2 hat
Wands
 n - a wand of iceblast (5)
 o - a wand of flame (14)
Scrolls
 e - a scroll of fear {unknown}
 f - a scroll of enchant armour {unknown}
 j - 2 scrolls of remove curse {unknown}
 k - 4 scrolls of identify {unknown}
 p - 2 scrolls of teleportation {unknown}
 q - a scroll of fog {unknown}
Potions
 d - 3 potions of curing {unknown}
 g - a potion of resistance {unknown}
 h - 2 potions of haste {unknown}
 i - 2 potions of brilliance {unknown}
 l - a potion of might {unknown}
 m - a potion of flight {unknown}
 r - a potion of cancellation {unknown}


   Skills:
 - Level 2.0 Fighting
 - Level 2.0 Short Blades
 * Level 4.4 Throwing
 - Level 1.0 Dodging
 - Level 5.3 Stealth
 + Level 2.1 Spellcasting


You had 8 spell levels left.
You didn't know any spells.
Your spell library was empty.

Dungeon Overview and Level Annotations

Branches:
Dungeon (2/15)

Altars:

Annotations:
D:2 Robin


Innate Abilities, Weirdness & Mutations

You cannot wear most types of armour.
You are very stealthy in the water. (Stealth+)
You are amphibious.
You can wear up to eight rings at the same time.
You can use your tentacles to constrict eight enemies at once.
Your skin changes colour to match your surroundings (Stealth+).
Your rubbery body absorbs attacks. (AC +1, EV +1)


Message History

You release your grip on Robin.
Robin says, "My goblins will feast on your bones."
Robin throws the goblin at you!
* * * LOW HITPOINT WARNING * * *
You completely miss the goblin. Your grab misses the goblin.
The goblin misses you.
Robin flexes a bicep menacingly.
You hit the goblin but do no damage. You grab the goblin.
You squeeze the goblin.
You kill the goblin!
The goblin hits you.
* * * LOW HITPOINT WARNING * * *
Unknown command.
The goblin no longer looks unusually strong.
Robin roars a battlecry!
The goblin goes into a battle-frenzy!
There is a stone staircase leading up here.
You see here a goblin corpse.
The goblin hits you.
You die...

##..# #.##### #### #...#
#.....# #... ##.#.# #####.#
#.## #....# #.# ##.##
###....## #.# ##...#
#.......##### #.########.....
#..........[# #..............
#.......###.#############.....
#.#..........@g.g....$# ##[..#
#.#...####...########.# #...##
#.##.......#.......# .# #.###.
#.########.).#####.# .###.##..
#.# ##.## #.# .##...#..
#.#########.# #.# .#.......
#.....))))>.# #.# .#.......
############# #.##.#...)..>
#.##.........


You could see Robin and a goblin (strong).

Vanquished Creatures
  2 orc wizards (D:2)
  An adder (D:2)
  2 dart slugs (D:1)
  A leopard gecko (D:2)
  3 orcs (D:2)
  4 giant cockroaches
  12 goblins
  9 hobgoblins
  4 jackals
  4 kobolds
  A quokka (D:2)
  8 bats
  3 frilled lizards
  4 rats
58 creatures vanquished.

Notes
Turn   | Place    | Note
-------+----------+-------------------------------------------
     0 | D:1      | Zeld the Octopode Brigand began the quest for the Orb.
     0 | D:1      | Reached XP level 1. HP: 14/14 MP: 1/1
   215 | D:1      | Reached XP level 2. HP: 14/19 MP: 2/2
   540 | D:1      | Reached skill level 1 in Spellcasting
   899 | D:1      | Reached XP level 3. HP: 24/24 MP: 4/4
  1442 | D:2      | Reached XP level 4. HP: 29/29 MP: 4/6
  1758 | D:2      | Reached XP level 5. HP: 34/34 MP: 8/8
  2237 | D:2      | Noticed Robin
  2254 | D:2      | HP: 1/34 [goblin[Robin] (1)]
  2256 | D:2      | Slain by a goblin

Illustrated notes

Levels and vault maps discovered:
D:1:      lemuel_arrival_lava_pool, layout_loops_corners
D:2:      layout_loops_ring, minivault_19, uniq_robin

Skill      XL: |  1  2  3  4 |
---------------+-------------+-----
Spellcasting   | 1 2 |  2.1
Throwing       | 3 4 |  4.4
Fighting       | |  2.0
Short Blades   | |  2.0
Dodging        | |  1.0
Stealth        | |  5.3

Action                   |  1- 3 |  4- 6 || total
-------------------------+-------+-------++-------
Melee: Dagger            |    55 |    45 ||   100
       Constrict         |    11 |    14 ||    25
       Tentacles         |     8 |     7 ||    15
 Stab: Sleeping          |    15 |    11 ||    26
Armor: Skin              |     2 |     1 ||     3
Dodge: Dodged            |    28 |    18 ||    46
